 Dungeon Crawl Stone Soup version 0.15.2 (webtiles) character file.

122 HiobMontag the Firebug (level 5, -3/38 HPs)
             Began as a Hill Orc Fire Elementalist on Jan 7, 2015.
             Slain by Grinder (6 damage)
             ... on Level 3 of the Dungeon.
             The game lasted 00:20:55 (4152 turns).

HiobMontag the Firebug (Hill Orc Fire Elementalist) Turns: 4152, Time: 00:20:55

HP  -3/38        AC  3     Str 11      XL: 5   Next:  6%
MP   1/9         EV 12     Int 16      God:
Gold 86          SH  0     Dex 11      Spells:  3 memorised,  2 levels left

rFire  . . .     SeeInvis .     g - +1 hand axe
rCold  . . .     Clarity  .     f - +0 robe
rNeg   . . .     rCorr    .     (no shield)
rPois  .         rRot     .     j - +0 helmet
rElec  .         Spirit   .     (no cloak)
SustAb .         Warding  .     (no gloves)
rMut   .         Stasis   .     (no boots)
Gourm  .                        (no amulet)
MR     .....                    (no ring)
                                (no ring)

@: not resistant to hostile enchantments, unstealthy
A: no striking features
a: no special abilities


You were on level 3 of the Dungeon.
You were hungry.

You visited 1 branch of the dungeon, and saw 3 of its levels.

You collected 86 gold pieces.

Inventory:

Hand weapons
 g - a +1 hand axe (weapon)
Missiles
 k - 36 stones (quivered)
Armour
 f - a +0 robe (worn)
 j - a +0 helmet (worn)
Comestibles
 c - a meat ration
 d - a rotting chunk of jackal flesh
 h - a bread ration
Scrolls
 e - a scroll of random uselessness {unknown}
Jewellery
 m - a +2 ring of protection {unknown}
Books
 a - a book of Flames

   Spells                             Type                      Level
   *Flame Tongue                      Conjuration/Fire             1
   *Throw Flame                       Conjuration/Fire             2
   *Conjure Flame                     Conjuration/Fire             3
   Inner Flame                        Hexes/Fire                   3
   Sticky Flame                       Conjuration/Fire             4
   Fireball                           Conjuration/Fire             5
 b - a book of Flames

   Spells                             Type                      Level
   *Flame Tongue                      Conjuration/Fire             1
   *Throw Flame                       Conjuration/Fire             2
   *Conjure Flame                     Conjuration/Fire             3
   Inner Flame                        Hexes/Fire                   3
   Sticky Flame                       Conjuration/Fire             4
   Fireball                           Conjuration/Fire             5


   Skills:
 + Level 0.2 Fighting
 + Level 0.6 Axes
 + Level 1.9 Dodging
 + Level 2.1 Stealth
 + Level 2.2 Spellcasting
 + Level 2.4 Conjurations
 + Level 4.2 Fire Magic


You had 2 spell levels left.
You knew the following spells:

 Your Spells              Type           Power        Failure   Level  Hunger
a - Flame Tongue          Conj/Fire      ##...        8%          1    #......
b - Throw Flame           Conj/Fire      ##....       10%         2    ##.....
c - Conjure Flame         Conj/Fire      ##......     17%         3    ####...


Dungeon Overview and Level Annotations

Branches:
Dungeon (3/15)

Altars:

Annotations:
D:3 Grinder


Message History

The flame tongue misses Grinder.
Grinder gestures at you. Pain shoots through your body!
Drink which item? (? for menu, Esc to quit)
Okay, then.
Drink which item? (? for menu, Esc to quit)
You feel magically purged.
It was a potion of cancellation.
Grinder gestures at you.
You suddenly lose the ability to move!
Grinder hits you.
* * * LOW HITPOINT WARNING * * *
You writhe in agony.
* * * LOW HITPOINT WARNING * * *
Grinder gestures at you. Pain shoots through your body!
* * * LOW HITPOINT WARNING * * *
You can move again.
Drink which item? (? for menu, Esc to quit)
You feel refreshed.
It was a potion of restore abilities.
Grinder hits you.
You die...

.................##.##.#.######
..........####................#
#...##...%.............#.######
######.#########...#####.# #
##.# #...# #.# #####.... #...#
##.### .##.#..# # #.######....#
..<....# #.#.##≈≈♣##'###
..#.#..#### #.5@'≈♣♣#♣≈≈♣#
.................#≈♣#♣≈♣♣≈#
#...#..##.####.###♣≈♣≈♣#♣%#
...(#(.##.# #$ #♣#♣≈≈≈♣#♣#
..(.....#.# # #≈♣#♣≈♣≈♣###
###.#..##.# #≈♣♣≈♣#♣≈#.##
#...(##.# ##≈≈♣#♣♣≈'..#
##...##.# ###'##♣≈≈##..#
####...##.### #....######..#


You could see Grinder.

Vanquished Creatures
  Ijyb (D:3)
  3 adders
  A worm (D:2)
  An ooze (D:3)
  2 orcs (D:3)
  4 giant cockroaches
  9 goblins
  6 hobgoblins
  6 jackals
  8 kobolds
  A ball python (D:3)
  9 bats
  4 giant geckos
  2 giant newts (D:1)
  9 rats
66 creatures vanquished.

Notes
Turn   | Place    | Note
--------------------------------------------------------------
     0 | D:1      | HiobMontag, the Hill Orc Fire Elementalist, began the quest for the Orb.
     0 | D:1      | Reached XP level 1. HP: 14/14 MP: 2/2
   682 | D:1      | Reached XP level 2. HP: 20/20 MP: 1/3
   686 | D:1      | Learned a level 2 spell: Throw Flame
  1542 | D:1      | Reached XP level 3. HP: 26/26 MP: 0/5
  2417 | D:2      | Reached skill level 4 in Fire Magic
  2533 | D:2      | Reached XP level 4. HP: 33/33 MP: 3/7
  2538 | D:2      | Learned a level 3 spell: Conjure Flame
  3752 | D:3      | Noticed Ijyb
  3806 | D:3      | Killed Ijyb
  4054 | D:3      | Reached XP level 5. HP: 38/38 MP: 6/9
  4133 | D:3      | Noticed Grinder
  4137 | D:3      | Paralysed by Grinder for 7 turns
  4149 | D:3      | Paralysed by Grinder for 3 turns
  4152 | D:3      | Slain by Grinder

Action                   |  1- 3 |  4- 6 || total
-------------------------+-------+-------++-------
Melee: Hand axe          |    33 |    26 ||    59
       Dagger            |     5 |       ||     5
 Cast: Flame Tongue      |    37 |    45 ||    82
       Throw Flame       |    26 |    19 ||    45
  Use: Potion            |     1 |     3 ||     4
       Scroll            |     5 |     3 ||     8
  Eat: Chunk             |     8 |     6 ||    14
